Map: Invader LE

Players

Forever - Winner!

  • Race: Zerg Zerg
  • League: Platinum

blackxored

  • Race: Zerg Zerg
  • League: Diamond

VOD

Have the link to the VOD?

Description

Time

  • Played on: July 2, 2016, 1:15 a.m.
  • Length: 15:15
Show
View Real Time Build Order
Export as new Build Order

Forever Zerg - Winner!

Build Orders: Pool First, Zergling Baneling 

Get SALT Encoding   

  12  0:02  Drone  
  13  0:12  Drone  
  14  0:17  Overlord  
  14  0:36  Drone x3  
  17  0:50  Spawning Pool  
  17  0:55  Drone  
  17  0:56  Extractor  
  16  1:01  Drone  
  17  1:10  Drone  
  18  1:26  Drone  
  18  1:31  Hatchery  
  18  1:35  Drone  
  19  1:40  Queen  
  21  1:58  Metabolic Boost  
  21  2:00  Zergling x2  
  22  2:01  Overlord  
  22  2:07  Overlord  
  22  2:14  Overlord  
  22  2:25  Zergling x2  
  23  2:37  Baneling Nest, Zergling x2  
  23  2:48  Zergling x4  
  23  2:49  Zergling x2  
  23  2:50  Zergling x4  
  28  2:54  Zergling x2  
  29  3:03  Zergling x2  
  30  3:24  Zergling x8  
  34  3:30  Queen x2  
  34  3:31  Drone  
  39  3:43  Zergling x2  
  39  3:44  Zergling x4  
  41  3:58  Baneling x5  
  41  3:59  Baneling x4  
  39  4:10  Zergling x4  
  39  4:11  Zergling x2  
  36  4:17  Zergling x2  
  36  4:18  Zergling x4  
  36  4:22  Zergling x2  
  36  4:43  Drone x4  
  39  4:48  Zergling x2  
  39  4:49  Baneling x2  
  39  4:50  Baneling x3  
  39  4:51  Baneling  
  37  5:00  Zergling x4  
  37  5:08  Zergling x2  
  37  5:09  Zergling x2  
  37  5:12  Baneling  
  35  5:18  Zergling x2  
  35  5:19  Zergling x8  
  40  5:24  Zergling x2  
  40  5:25  Zergling x2  
  40  5:28  Drone  
  42  5:40  Zergling x8  
  42  5:42  Baneling x3  
  46  5:43  Baneling  
  46  5:51  Zergling x2  
  46  5:52  Zergling x4  
  47  6:03  Zergling x8  
  48  6:12  Zergling x2  
  48  6:13  Zergling x6  
  48  6:14  Baneling  
  48  6:36  Overlord x3  
  44  6:48  Baneling x4  
  43  6:56  Zergling x8  
  43  6:57  Zergling x2  
  46  7:10  Zergling x6  
  46  7:11  Zergling x2  
  43  7:35  Zergling x8  
  45  7:44  Baneling  
  45  7:45  Baneling x8  
  45  7:46  Drone  
  45  7:47  Drone  
  45  7:51  Drone  
  46  8:08  Evolution Chamber  
  46  8:09  Hatchery  
  43  8:23  Zergling x2  
  40  8:40  Zergling x18  
  48  8:41  Baneling  
  48  8:42  Baneling x5  
  47  9:01  Zergling x2  
  47  9:02  Zergling x2  
  47  9:07  Zergling x2  
  47  9:08  Zergling x6  
  51  9:15  Drone  
  48  9:24  Drone x2  
  48  9:33  Zergling x2  
  48  9:37  Drone x3  
  52  9:46  Zerg Melee Weapons Level 1  
  52  9:47  Drone x3  
  52  9:48  Drone x5  
  52  9:51  Baneling  
  52  9:52  Baneling x3  
  60  9:54  Zergling x2  
  61  10:03  Zergling x2  
  61  10:04  Zergling x4  
  63  10:08  Zergling x2  
  63  10:09  Zergling x2  
  58  10:29  Zergling x2  
  58  10:30  Zergling x14  
  58  10:32  Baneling  
  58  10:33  Baneling x3  
  58  10:34  Zergling x2  
  67  10:40  Extractor, Baneling  
  67  10:41  Extractor  
  67  10:42  Extractor, Drone x2  
  66  10:44  Extractor  
  66  10:46  Queen  
  66  10:47  Queen  
  69  10:54  Spine Crawler  
  69  10:55  Drone  
  69  10:56  Drone x3, Spine Crawler  
  71  10:59  Zergling x2  
  68  11:13  Zergling x12  
  74  11:23  Zergling x4  
  73  11:33  Overlord x4  
  73  11:38  Overlord  
  73  11:39  Overlord x4  
  72  11:49  Lair  
  72  11:51  Spore Crawler  
  72  11:53  Spore Crawler  
  70  11:56  Spore Crawler  
  70  11:59  Zergling x2  
  70  12:00  Zergling x14  
  77  12:07  Drone x3  
  77  12:08  Drone  
  81  12:12  Baneling  
  81  12:13  Baneling x5  
  61  12:32  Zergling x22  
  70  12:39  Zergling x2  
  70  12:40  Zergling x4  
  72  12:44  Baneling x3  
  72  12:47  Drone  
  73  13:12  Drone x11  
  84  13:15  Extractor  
  84  13:18  Extractor, Hatchery  
  84  13:19  Extractor  
  80  13:24  Baneling x2  
  80  13:25  Baneling x2  
  79  13:46  Zergling x22  
  76  14:43  Drone x5  
  76  14:44  Drone x7  
  88  14:46  Spore Crawler  
  88  14:48  Spore Crawler, Spine Crawler  
  88  14:49  Spine Crawler  
  84  14:53  Spore Crawler, Spine Crawler  
  84  14:58  Spore Crawler x2  
  84  14:59  Drone x4, Spine Crawler  
  80  15:01  Spine Crawler  
Show
View Real Time Build Order
Export as new Build Order

blackxored Zerg 

Build Orders: Hatch First 

Get SALT Encoding   

  12  0:02  Drone  
  13  0:08  Drone  
  14  0:17  Overlord  
  14  0:22  Extractor  
  14  0:24  Drone  
  15  0:37  Drone x2  
  17  0:55  Hatchery  
  16  0:58  Drone  
  16  1:01  Drone  
  18  1:17  Spawning Pool  
  17  1:21  Extractor, Drone  
  17  1:23  Drone  
  18  1:28  Drone  
  19  1:45  Overlord  
  19  2:04  Drone x2  
  19  2:07  Spine Crawler  
  20  2:09  Queen  
  20  2:10  Queen  
  20  2:11  Zergling x2  
  20  2:14  Zergling x2  
  26  2:20  Zergling x2  
  27  2:24  Metabolic Boost  
  27  2:42  Drone  
  27  2:43  Drone x3  
  31  2:52  Baneling Nest  
  30  3:06  Drone  
  31  3:17  Hatchery  
  29  3:21  Zergling x10  
  34  3:34  Zergling x4  
  36  3:36  Baneling x3  
  36  3:37  Baneling  
  34  3:58  Baneling x3  
  31  4:22  Zergling x18  
  36  4:26  Overlord  
  36  4:31  Zergling x2  
  36  4:32  Zergling x6  
  40  4:51  Zergling x2  
  40  4:52  Zergling x10  
  46  4:59  Queen  
  47  5:07  Zergling x18  
  45  5:24  Zergling x16  
  45  5:26  Baneling x2  
  49  5:52  Baneling x10  
  43  6:12  Zergling x14  
  50  6:23  Overlord  
  50  6:46  Drone x8  
  58  6:50  Overlord x2  
  58  6:51  Overlord  
  49  7:10  Zergling x2  
  49  7:11  Zergling x10  
  48  7:35  Zergling x10  
  48  7:36  Zergling x2  
  52  7:44  Queen  
  52  7:47  Zergling x2  
  52  7:48  Zergling x2  
  54  7:51  Drone  
  54  7:56  Lair  
  54  7:58  Drone  
  56  8:03  Zergling x2  
  57  8:14  Hatchery  
  40  8:38  Drone x3  
  43  8:48  Zergling x4  
  45  8:57  Zergling x2  
  45  8:58  Zergling x6  
  47  9:23  Zergling x14  
  53  9:26  Queen  
  53  9:30  Spire  
  54  9:32  Zergling x6  
  54  9:34  Baneling  
  54  9:35  Baneling x3  
  57  9:40  Queen  
  59  9:46  Baneling  
  59  9:56  Zergling x2  
  59  9:57  Zergling x16  
  66  10:02  Baneling  
  66  10:09  Extractor  
  58  10:27  Zergling x16  
  58  10:28  Zergling x2  
  51  10:36  Queen x3  
  51  10:41  Baneling x4  
  57  10:55  Baneling x2  
  53  11:14  Baneling x3  
  53  11:23  Drone x13  
  54  11:35  Drone x2  
  52  12:02  Nydus Network  
  52  12:08  Zergling x20  
  56  12:35  Overlord  
  48  12:43  Zergling x18  
  54  13:20  Zergling x6  
  54  13:21  Zergling x10  
  60  13:47  Mutalisk  
  60  13:48  Mutalisk x3  
Tags
 
Add a new tag
Caveats
  • Supply blocks, unpowered buildings, or Contaminate may cause inaccurate times.
  • Supply counts are checked every 10 seconds.